 Dungeon Crawl Stone Soup version 0.25-a0-246-g58704a1ebd (webtiles) character file.

Game seed: 9167728629062848137, levelgen mode: classic

14226 Borgoz the Slicer (level 12, -7/84 HPs)
             Began as a Halfling Gladiator on Dec 4, 2019.
             Was a High Priest of Okawaru.
             Mangled by a freezing wraith (11 damage)
             ... on level 11 of the Dungeon.
             The game lasted 00:25:40 (14385 turns).

Borgoz the Slicer (Halfling Gladiator)             Turns: 14385, Time: 00:25:41

Health: -7/84      AC:  9    Str: 22    XL:     12   Next: 42%
Magic:  16/16      EV: 24    Int:  6    God:    Okawaru [*****.]
Gold:   404        SH:  7    Dex: 23    Spells: 13/17 levels left

rFire    . . .     SeeInvis .   a - +3 dagger of Tonekiv {venom, +Rage Str+3 Dex+6 Stlth-}
rCold    . . .     Gourm    .   w - +0 buckler
rNeg     . . .     Faith    .   t - +1 troll leather armour
rPois    .         Spirit   .   c - +1 helmet
rElec    .         Reflect  .   (no cloak)
rCorr    .         Harm     .   (no gloves)
MR       .....                  (no boots)
Stlth    +.........             q - amulet of the acrobat
HPRegen  0.64/turn              (no ring)
MPRegen  0.15/turn              (no ring)

@: about to teleport, very slightly contaminated, invisible
A: small, mutation resistance 1
a: Heroism, Finesse, Renounce Religion, Evoke Berserk Rage


You were on level 11 of the Dungeon.
You worshipped Okawaru.
Okawaru was extremely pleased with you.
You were full.

You visited 3 branches of the dungeon, and saw 13 of its levels.

You collected 664 gold pieces.
You spent 260 gold pieces at shops.

Inventory:

Hand Weapons
 a - the +3 dagger of Tonekiv (weapon) {venom, +Rage Str+3 Dex+6 Stlth-}
   (Okawaru gifted it to you on level 9 of the Dungeon)

   It poisons the flesh of those it strikes.
   It affects your strength (+3).
   It affects your dexterity (+6).
   It lets you go berserk.
   It makes you less stealthy.
 b - a +1 dagger of venom
 x - a +1 rapier
 D - a +5 dagger of speed
Missiles
 d - 2 throwing nets (quivered)
Armour
 c - a +1 helmet (worn)
 h - a +0 ring mail
 t - a +1 troll leather armour (worn)
 w - a +0 buckler (worn)
Jewellery
 g - an uncursed ring of wizardry
 p - an uncursed amulet of the gourmand
 q - an amulet of the acrobat (around neck)
Wands
 l - a wand of disintegration (11)
 B - a wand of clouds (4)
Scrolls
 e - 2 scrolls of magic mapping
 k - 4 scrolls of remove curse
 s - 4 scrolls of fog
 u - a scroll of amnesia
 z - a scroll of fear {unknown}
 C - a scroll of enchant weapon
Potions
 i - 2 potions of flight
 j - a potion of agility
 m - a potion of invisibility
 o - a potion of brilliance
 v - a potion of curing
 A - a potion of mutation {unknown}
Comestibles
 f - 19 rations
 n - 6 chunks of flesh


   Skills:
 * Level 8.3 Fighting
 + Level 10.6 Short Blades
 - Level 2.0 Throwing
 * Level 9.6 Armour
 * Level 10.1 Dodging
 - Level 1.4 Stealth
 + Level 3.1 Shields
 - Level 3.1 Spellcasting
 + Level 4.0 Hexes
 + Level 3.0 Invocations
 + Level 2.3 Evocations


You had 13 spell levels left.
You knew the following spells:

 Your Spells              Type           Power        Failure   Level  Hunger
a - Confusing Touch       Hex            #.....       10%         1    ##.....
b - Confuse               Hex            #.......     28%         3    ####...

Your spell library contained the following spells:

 Spells                   Type           Power        Failure   Level  Hunger
 Shock                    Conj/Air       #...         45%         1    ##.....
 Swiftness                Chrm/Air       #.......     61%         2    ###....
 Gell's Gravitas          Tloc           #.........   83%         3    ####...
 Static Discharge         Conj/Air       #.......     83%         3    ####...
 Airstrike                Air            #.........   99%         4    #####..
 Petrify                  Tmut/Erth      #.......     99%         4    #####..
 Metabolic Englaciation   Hex/Ice        #.........   99%         5    ######.
 Yara's Violent Unravell  Hex/Tmut       #.........   99%         5    ######.
 Irradiate                Conj/Tmut      #.........   100%        5    ######.
 Lightning Bolt           Conj/Air       #.........   100%        5    ######.
 Hydra Form               Tmut           #.........   100%        6    #######
 Statue Form              Tmut/Erth      #........    100%        6    #######
 Dragon Form              Tmut           #.........   100%        7    #######


Dungeon Overview and Level Annotations

Branches:
Dungeon (11/15)            Temple (1/1) D:5             Orc (1/2) D:10
   Lair: D:8-11

Altars:
Ashenzari
Cheibriados
Dithmenos
Elyvilon
Fedhas
Gozag
Hepliaklqana
Kikubaaqudgha
Makhleb
Nemelex Xobeh
Okawaru
Qazlal
Ru
Sif Muna
Trog
Uskayaw
Vehumet
Wu Jian
Xom
Yredelemnul
Zin
The Shining One

Shops:
D:4 %   D:5 ::


Innate Abilities, Weirdness & Mutations

You are small and have problems with some larger weapons.
You are somewhat resistant to further mutation.


Message History

It was a potion of curing.
You feel better.
Your surroundings suddenly seem different.
A slime creature comes into view.
The slime creature quivers.
A bullfrog comes into view.
The freezing wraith closely misses you. The freezing wraith misses you.
A wraith comes into view.
A bullfrog comes into view.
The bullfrog gives a loud, deep croak!
Found eight items.
A crocodile, a hydra, a jelly, a wight and a freezing wraith come into view.
As you read the scroll of teleportation, it crumbles to dust.
You feel strangely unstable.
The jelly quivers.
The eight-headed hydra roars!
The bullfrog croaks.
The bullfrog barely misses you.
A shadow imp comes into view.
The bullfrog completely misses you. The freezing wraith hits you.
* * * LOW HITPOINT WARNING * * *
The freezing wraith freezes you!
You die...

#)#### .# #.)..# .#
#)#..# W. #)#### #### .#
####.#### #!(. .#
##...(...## #(J. .#
?#..#####D.#
#...#.#...#.## ##.#
#@Wt# #°# #.#
#...FD....#.. #.#
####Jz.####.#. #.#
F#.#.5 #.##$ ##.# #.. .
.#.?=#..#####..# #..# (.
.# )$##.......##
#..###############.#####
#..#.........##....#..##
#..#.#.#.#.#.#.#.###.#.#


You could see an eight-headed hydra (wandering), a slime creature (wandering), a
freezing wraith, a wraith, a crocodile, 2 bullfrogs, a jelly, a wight
(wandering) and a shadow imp (wandering).

Vanquished Creatures
  Harold (D:8)
  2 hydras
  2 two-headed ogres
  A wizard (D:11)
  Joseph (D:9)
  2 trolls
  2 dream sheep (D:9)
  4 hippogriffs
  9 yaks
  2 wyverns (D:11)
  3 hungry ghosts
  A water moccasin (D:11)
  A warg (D:10)
  3 orc warriors
  4 ice beasts
  3 sky beasts
  An eye of draining (D:9)
  3 necrophages
  9 ogres
  A phantom (D:5)
  8 centaurs
  6 big kobolds
  11 bullfrogs
  4 scorpions
  7 killer bees
  A wight (D:11)
  5 howler monkeys
  An electric eel (D:10)
  2 crimson imps
  5 hounds
  A centaur zombie (D:9)
  2 jellies
  4 bullfrog skeletons
  13 orc priests
  3 iguanas
  Jessica (D:2)
  Terence (D:3)
  9 orc wizards
  7 worker ants
  A hound zombie (D:11)
  3 worker ant zombies
  10 gnolls
  11 adders
  An ooze (D:3)
  A worm (D:3)
  An adder skeleton (D:4)
  3 dart slugs
  8 leopard geckos
  46 orcs
  10 bats
  7 giant cockroaches
  5 goblins
  10 hobgoblins
  11 jackals
  6 frilled lizards
  20 kobolds
  A quokka skeleton (D:4)
  7 rats
308 creatures vanquished.

Vanquished Creatures (others)
  A plant (D:11)
1 creature vanquished.

Grand Total: 309 creatures vanquished

Notes
Turn   | Place    | Note
-------+----------+-------------------------------------------
     0 | D:1      | Borgoz the Halfling Gladiator began the quest for the Orb.
     0 | D:1      | Reached XP level 1. HP: 14/14 MP: 1/1
    41 | D:1      | Reached XP level 2. HP: 3/19 MP: 2/2
   455 | D:1      | Reached skill level 1 in Armour
   496 | D:1      | Reached XP level 3. HP: 7/24 MP: 3/3
  1069 | D:2      | Noticed Jessica
  1087 | D:2      | Killed Jessica
  1087 | D:2      | Reached XP level 4. HP: 21/30 MP: 4/4
  1929 | D:3      | Found a hazy altar of Hepliaklqana.
  1941 | D:3      | Reached XP level 5. HP: 35/35 MP: 5/5
  2199 | D:3      | Found a faded altar of an unknown god.
  2389 | D:3      | Reached XP level 6. HP: 27/42 MP: 6/6
  2594 | D:3      | Found a white marble altar of Elyvilon.
  2614 | D:3      | Noticed Terence
  2622 | D:3      | Killed Terence
  2622 | D:3      | Reached skill level 5 in Short Blades
  3236 | D:4      | HP: 2/42 [adder skeleton (4)]
  3591 | D:4      | Reached XP level 7. HP: 16/46 MP: 7/7
  3596 | D:4      | HP: 2/46 [orc/+0 flail (6)]
  4121 | D:3      | Reached skill level 5 in Dodging
  4575 | D:4      | Found Yhod Yqorua's Food Shoppe.
  4602 | D:4      | Found a basalt altar of Yredelemnul.
  4616 | D:4      | Reached XP level 8. HP: 50/54 MP: 8/8
  5306 | D:5      | Entered Level 5 of the Dungeon
  5618 | D:5      | Found Bitwymet's Book Emporium.
  5670 | D:5      | Found a staircase to the Ecumenical Temple.
  5691 | Temple   | Entered the Ecumenical Temple
  5718 | Temple   | Became a worshipper of Warmaster Okawaru
  5974 | D:5      | Reached skill level 5 in Armour
  5989 | D:5      | Found Esiseef's Book Boutique.
  5997 | D:5      | Bought a book of Misfortune for 260 gold pieces
  5999 | D:5      | Learned a level 1 spell: Confusing Touch
  6003 | D:5      | Learned a level 3 spell: Confuse
  6067 | D:5      | Found a blossoming altar of Fedhas.
  6611 | D:6      | Reached skill level 5 in Fighting
  6611 | D:6      | Reached XP level 9. HP: 44/61 MP: 9/9
  6945 | D:6      | Reached skill level 1 in Spellcasting
  6945 | D:6      | Reached skill level 1 in Hexes
  7100 | D:6      | Reached * piety under Okawaru
  8052 | D:7      | Noticed a hippogriff
  8081 | D:7      | Killed a hippogriff
  8081 | D:7      | Reached ** piety under Okawaru
  8131 | D:7      | Reached XP level 10. HP: 38/68 MP: 12/12
  8568 | D:7      | Noticed a two-headed ogre
  8593 | D:7      | Killed a two-headed ogre
  8593 | D:7      | Reached *** piety under Okawaru
  8707 | D:7      | Found an opulent altar of Gozag.
  8707 | D:7      | Found an ornate altar of the Wu Jian Council.
  8707 | D:7      | Found a shadowy altar of Dithmenos.
  8708 | D:7      | Found a shattered altar of Ashenzari.
  8708 | D:7      | Found a sacrificial altar of Ru.
  8709 | D:7      | Found a blossoming altar of Fedhas.
  9505 | D:8      | Reached **** piety under Okawaru
  9747 | D:8      | Noticed Harold
  9773 | D:8      | Killed Harold
  9773 | D:8      | Reached XP level 11. HP: 11/72 MP: 14/14
 11540 | D:9      | Reached ***** piety under Okawaru
 11847 | D:9      | Noticed a two-headed ogre
 11891 | D:9      | Killed a two-headed ogre
 11891 | D:9      | Reached skill level 10 in Short Blades
 11891 | D:9      | Reached skill level 1 in Stealth
 11891 | D:9      | Reached skill level 1 in Invocations
 12025 | D:9      | Found a sparkling altar of Nemelex Xobeh.
 12259 | D:9      | Received a gift from Okawaru
 12259 | D:9      | Reached skill level 1 in Shields
 12338 | D:9      | Got a translucent dagger {god gift}
 12339 | D:9      | Identified the +3 dagger of Tonekiv {venom, +Rage Str+3
                  | Dex+6 Stlth-} (Okawaru gifted it to you on level 9 of the
                  | Dungeon)
 12363 | D:9      | Noticed a three-headed hydra
 12370 | D:9      | Killed a three-headed hydra
 12507 | D:10     | Entered Level 10 of the Dungeon
 12507 | D:10     | Noticed Joseph
 12518 | D:9      | Killed Joseph
 12713 | D:10     | Reached skill level 1 in Evocations
 12820 | D:10     | Reached XP level 12. HP: 79/82 MP: 16/16
 12851 | D:10     | Found a staircase to the Orcish Mines.
 13436 | Orc:1    | Entered Level 1 of the Orcish Mines
 13436 | Orc:1    | Noticed an orc high priest
 13437 | Orc:1    | Noticed a stone giant
 13438 | Orc:1    | Noticed a sun demon
 13487 | D:11     | Noticed a seven-headed hydra
 13507 | D:11     | Killed a seven-headed hydra
 13507 | D:11     | Received a gift from Okawaru
 13851 | D:11     | Noticed a wizard
 13895 | D:11     | Killed a wizard
 13895 | D:11     | Reached skill level 10 in Dodging
 14371 | D:11     | Noticed a swamp dragon
 14385 | D:11     | Noticed an eight-headed hydra
 14385 | D:11     | HP: 4/84 [freezing wraith (6)]
 14385 | D:11     | Mangled by a freezing wraith

Levels and vault maps discovered:
D:1:      lightli_arrival_lavapool, layout_rooms
D:2:      layout_basic, uniq_jessica
D:3:      layout_basic, old_standard_altar, nicolae_overflow_crystal_walls,
          chequers_ecumenical_altar_island, uniq_terence
D:4:      layout_basic, yredelemnul_altar_generic, serial_shops, shop,
          st_stairs_3, serial_bayou_lake_a
D:5:      layout_loops_ring, minmay_temple_entry_glassed_door, first_ration,
          serial_shops, shop_coins, shop, fedhas_ov_isle_minmay
D:6:      cheibrodos_thug_alley, layout_loops_ring, serial_glass,
          glass_columns_a, glass_columns_b
D:7:      minmay_slanted_spiral_squares, layout_loops_ring,
          grunt_temple_overflow_open, chequers_serial_rivers_micro_a
D:8:      layout_basic, uniq_harold
D:9:      layout_roguey, nemelex_xobeh_ov_fountains_minmay, hangedman_ranch
          [blue_anna_fruit_fields]
D:10:     layout_basic, erik_orc_3, uniq_joseph
D:11:     minmay_the_grid_3x2 [minmay_the_grid_rooms, minmay_the_grid_dragon_b,
          minmay_the_grid_spin_star, minmay_the_grid_minigrid_large,
          minmay_the_grid_gridbox, minmay_the_grid_prize_four_corners],
          layout_rooms, dpeg_oklobed_lair, minivault_24,
          nicolae_ru_path_of_blood
Temple:   minmay_temple_bridge_abc
Orc:1:    layout_diamond_mine, serial_shops, shop

Skill      XL: |  1  2  3  4  5  6  7  8  9 10 11 12 |
---------------+-------------------------------------+-----
Fighting       | 2 3 4 5 6 7 8 |  8.3
Armour         | 1 2 3 4 5 6 7 9 |  9.6
Short Blades   | 4 5 6 7 8 9 10 | 10.6
Dodging        | 4 5 6 7 8 9 10 | 10.1
Spellcasting   | 1 2 3 |  3.1
Hexes          | 1 2 3 4 |  4.0
Stealth        | 1 |  1.4
Invocations    | 2 3 |  3.0
Shields        | 2 3 |  3.1
Evocations     | 1 2 |  2.3
Throwing       | |  2.0

Action                   |  1- 3 |  4- 6 |  7- 9 | 10-12 || total
-------------------------+-------+-------+-------+-------++-------
Melee: Rapier            |   103 |   226 |   453 |       ||   782
       Dagger            |       |       |   103 |  1027 ||  1130
Throw: Throwing net      |       |       |     2 |     5 ||     7
Evoke: Wand              |       |       |       |     9 ||     9
  Use: Potion            |     1 |     3 |     2 |     6 ||    12
       Scroll            |       |     7 |     7 |     7 ||    21
 Stab: Held in net/web   |       |       |     2 |     4 ||     6
       Sleeping          |       |       |       |     1 ||     1
  Eat: Chunk             |     1 |     7 |    12 |    34 ||    54
       Ration            |       |       |     1 |       ||     1
Armor: Leather armour    |    10 |       |       |       ||    10
       Ring mail         |     9 |    52 |    88 |    80 ||   229
       Troll leather arm |       |       |       |    23 ||    23
       Skin              |       |       |       |     6 ||     6
Dodge: Dodged            |   103 |   147 |   404 |   537 ||  1191
Block: Buckler           |       |       |       |   100 ||   100

Table legend:
 A = Non-vault XP
 B = Vault XP
 C = Vault XP percentage of total XP
 D = Non-vault monster count
 E = Vault monster count
 F = Vault count percentage of total count
                 A         B        C        D         E       F
            +---------+---------+-------+---------+---------+-------
      Total |   12118 |    8205 |  40.4 |     241 |      67 |  21.8
            +---------+---------+-------+---------+---------+-------
        D:1 |      32 |       0 |   0.0 |      17 |       0 |   0.0
        D:2 |      37 |      37 |  50.0 |      24 |       1 |   4.0
        D:3 |     253 |      36 |  12.5 |      36 |       1 |   2.7
        D:4 |     791 |      41 |   4.9 |      27 |       1 |   3.6
        D:5 |     645 |       0 |   0.0 |      17 |       0 |   0.0
        D:6 |    1021 |     216 |  17.5 |      21 |      11 |  34.4
        D:7 |    1240 |    1287 |  50.9 |      18 |       9 |  33.3
        D:8 |    2242 |     976 |  30.3 |      29 |       1 |   3.3
        D:9 |    2046 |    2653 |  56.5 |      18 |       9 |  33.3
       D:10 |    2242 |     642 |  22.3 |      27 |      16 |  37.2
       D:11 |    1569 |    2317 |  59.6 |       7 |      18 |  72.0
            +---------+---------+-------+---------+---------+-------
